[Event "Titled Tuesday Blitz May 25 2021"]
[White "Senft, Sean"]
[Black "Molina, Roberto Junio Brito"]
[WhiteFideId "2044960"]
[BlackFideId "2109450"]
[WhiteElo "1881"]
[BlackElo "2402"]
[Result "0-1"]
[Round "07"]
[TimeControl "180+1"]
[Date "2021.05.25"]
[WhiteClock "0:00:52"]
[BlackClock "0:01:48"]

1. d4 d5 2. c4 c6 3. Nc3 Nf6 4. Nf3 dxc4 5. a4 Bf5 6. Nh4 Bd7 7. e4 e6 8. Bxc4 Nxe4 9. Nxe4 Qxh4 10. Qf3 Bb4+ 11. Kf1 f5 12. Ng5 Qxd4 13. Bxe6 Bxe6 14. Nxe6 Qc4+ 15. Qe2 Qxe2+ 16. Kxe2 Na6 17. Nxg7+ Kd7 18. Nxf5 Rae8+ 19. Be3 Rhf8 20. Rhd1+ Kc8 21. Nd6+ Bxd6 22. Rxd6 Nc5 23. Kf1 Rxe3 24. Rh6 Nd3 25. f3 Rfe8 26. g3 Rxf3+ 27. Kg2 Rf2+ 28. Kh3 Ree2 29. Kg4 Rxh2 30. Rf6 Re7 31. Rd1 Nf2+ 32. Rxf2 Rxf2 0-1


[Site "https://www.chess.com"]

[Event "Titled Tuesday Blitz May 25 2021"]
[White "Shkapenko, Pavel"]
[Black "Orlov, Oleg"]
[WhiteFideId "4151933"]
[BlackFideId "4166612"]
[WhiteElo "2386"]
[BlackElo "2395"]
[Result "1/2-1/2"]
[Round "07"]
[TimeControl "180+1"]
[Date "2021.05.25"]
[WhiteClock "0:00:29"]
[BlackClock "0:01:17"]

1. e4 c5 2. c3 d5 3. exd5 Qxd5 4. Nf3 Nf6 5. d4 e6 6. Be2 Be7 7. O-O O-O 8. c4 Qd7 9. dxc5 Bxc5 10. Nc3 Nc6 11. a3 a5 12. Bf4 Rd8 13. Qc2 Nd4 14. Nxd4 Bxd4 15. Rad1 e5 16. Bxe5 Bxe5 17. Rxd7 Bxd7 18. Bf3 Rac8 19. Nd5 Re8 20. Nxf6+ Bxf6 21. Bd5 a4 22. b4 axb3 23. Qxb3 Rc7 24. a4 Bc8 25. a5 Rce7 26. Qb4 Bd4 27. c5 Bf6 28. c6 bxc6 29. Bxc6 Rd8 30. Qb6 Re6 31. a6 Bd7 32. Qxd8+ Bxd8 33. Bxd7 Rxa6 34. g3 1/2-1/2


[Site "https://www.chess.com"]

[Event "Titled Tuesday Blitz May 25 2021"]
[White "Solon, Nathan"]
[Black "Vaidya, Atulya"]
[WhiteFideId "2017229"]
[BlackFideId "2047713"]
[WhiteElo "2644"]
[BlackElo "2472"]
[Result "0-1"]
[Round "07"]
[TimeControl "180+1"]
[Date "2021.05.25"]
[WhiteClock "0:00:13"]
[BlackClock "0:00:38"]

1. d4 Nf6 2. c4 e6 3. g3 c5 4. d5 exd5 5. cxd5 d6 6. Bg2 Be7 7. Nc3 O-O 8. Nf3 a6 9. a4 a5 10. O-O Na6 11. Bf4 Bg4 12. Nd2 Nb4 13. h3 Bf5 14. e4 Bd7 15. Nc4 Ra6 16. Re1 Re8 17. Qd2 h6 18. g4 Nh7 19. Bg3 Nf8 20. Rad1 Ng6 21. e5 dxe5 22. Nxe5 Nxe5 23. Bxe5 Bf6 24. f4 Bh4 25. Bf1 Bxe1 26. Rxe1 Ra8 27. Nb5 Bxb5 28. Bxb5 Qxd5 29. Qxd5 Nxd5 30. Bxe8 Rxe8 31. Rd1 Nb4 32. Rd7 f6 33. Bc3 Re4 34. f5 h5 35. g5 Rf4 36. g6 Kf8 37. Rf7+ Ke8 38. Rxg7 Rxf5 39. Rg8+ Ke7 40. Rg7+ Ke8 41. Rg8+ Ke7 42. h4 Nd5 43. g7 Kf7 44. Rd8 Kxg7 45. Rd7+ Kg6 46. Rxb7 Nxc3 47. bxc3 Rf4 48. Rb5 Rxa4 49. Rxc5 Rxh4 50. Rxa5 Rc4 51. Ra3 Kg5 52. Kg2 Kg4 53. Rb3 f5 54. Rb8 Rxc3 55. Rg8+ Kf4 56. Rh8 Kg4 57. Rg8+ Kh4 58. Rf8 Rc5 59. Rg8 Rc4 60. Rf8 Rf4 61. Rg8 Rg4+ 0-1


[Site "https://www.chess.com"]

[Event "Titled Tuesday Blitz May 25 2021"]
[White "Song, Julien"]
[Black "Aliavdin, Nikolai"]
[WhiteFideId "659487"]
[BlackFideId "13502883"]
[WhiteElo "2225"]
[BlackElo "2268"]
[Result "0-1"]
[Round "07"]
[TimeControl "180+1"]
[Date "2021.05.25"]
[WhiteClock "0:00:09"]
[BlackClock "0:00:40"]

1. d4 Nf6 2. c4 c5 3. d5 e6 4. Nc3 exd5 5. cxd5 d6 6. Nf3 g6 7. e4 a6 8. a4 Bg4 9. Be2 Bxf3 10. Bxf3 Bg7 11. O-O Nbd7 12. g4 O-O 13. g5 Ne8 14. Ra3 Nc7 15. Be2 Re8 16. Qd3 Rb8 17. a5 b5 18. axb6 Rxb6 19. Qh3 Nb5 20. Nxb5 axb5 21. Qh4 h5 22. Rh3 Qe7 23. f3 c4 24. Bd1 Ra6 25. Bc2 Ra1 26. f4 Bd4+ 27. Kg2 Nc5 28. e5 dxe5 29. f5 e4 30. fxg6 fxg6 31. Rf6 Bxf6 32. gxf6 Qe5 33. Qf2 Rf8 34. Rg3 Qxf6 35. Qe2 Rxc1 0-1


[Site "https://www.chess.com"]

[Event "Titled Tuesday Blitz May 25 2021"]
[White "Sorokin, Aleksey"]
[Black "Shapkin, Anatoliy"]
[WhiteFideId "24176460"]
[BlackFideId "34108332"]
[WhiteElo "2476"]
[BlackElo "2223"]
[Result "0-1"]
[Round "07"]
[TimeControl "180+1"]
[Date "2021.05.25"]
[WhiteClock "0:00:13"]
[BlackClock "0:00:24"]

1. d4 Nf6 2. c4 g6 3. Nc3 d5 4. cxd5 Nxd5 5. e4 Nxc3 6. bxc3 Bg7 7. Nf3 c5 8. Be3 Qa5 9. Qd2 O-O 10. Rc1 Rd8 11. d5 e6 12. Bg5 f6 13. Be3 exd5 14. exd5 Nc6 15. Be2 c4 16. Bxc4 Be6 17. Qb2 Bxd5 18. Bxd5+ Qxd5 19. Qxb7 Rab8 20. Qa6 Rb2 21. O-O Rxa2 22. Qb7 Ne5 23. Qb1 Nxf3+ 24. gxf3 Rc8 25. Rfd1 Qf7 26. c4 Ra6 27. Qb5 Rac6 28. Rd5 Bf8 29. Rcd1 a6 30. Qb1 Rxc4 31. Rd7 Qe6 32. Qb7 Qc6 33. Qa7 Qxf3 34. Qxa6 Rg4+ 35. Kf1 Qh1+ 36. Ke2 Rc2+ 37. R1d2 Rxd2+ 38. Kxd2 Bb4+ 39. Kc2 Qe4+ 40. Kb3 Qb1+ 41. Ka4 Bf8+ 0-1


[Site "https://www.chess.com"]

[Event "Titled Tuesday Blitz May 25 2021"]
[White "Spata, German"]
[Black "Provotorov, Ivan"]
[WhiteFideId "113026"]
[BlackFideId "4154657"]
[WhiteElo "2238"]
[BlackElo "2244"]
[Result "1-0"]
[Round "07"]
[TimeControl "180+1"]
[Date "2021.05.25"]
[WhiteClock "0:00:18"]
[BlackClock "0:00:01"]

1. Nf3 Nf6 2. b3 g6 3. Bb2 Bg7 4. e3 O-O 5. Be2 c5 6. c4 b6 7. O-O Bb7 8. d4 cxd4 9. Nxd4 d5 10. Bf3 Nbd7 11. Nc3 Ne5 12. Nxd5 Nxf3+ 13. Nxf3 Nxd5 14. Bxg7 Kxg7 15. cxd5 Qxd5 16. Qxd5 Bxd5 17. Rfd1 Rfd8 18. Kf1 Rac8 19. Ke1 Bxf3 20. Rxd8 Rxd8 21. gxf3 Kf6 22. Rc1 Rd7 23. Ke2 Kg5 24. Rc4 f5 25. a4 e5 26. f4+ exf4 27. Rxf4 Kf6 28. Rc4 g5 29. Rc6+ Ke5 30. h3 g4 31. Rh6 Rg7 32. Rh5 gxh3 33. Rxh3 Kf6 34. Kf3 Rc7 35. Rh6+ Ke5 36. Rh5 Rd7 37. b4 Rc7 38. a5 bxa5 39. bxa5 Rc5 40. Rxh7 Rxa5 41. Re7+ Kf6 42. Rb7 Ra4 43. Rb8 a5 44. Ra8 Ke5 45. Ra7 Kd5 46. Ra8 Ke5 47. Rb8 f4 48. Re8+ Kd5 49. e4+ Kd6 50. Kxf4 Ra2 51. f3 a4 52. Ra8 a3 53. e5+ Ke6 54. Ra6+ Kd5 55. Kf5 Re2 56. f4 a2 57. Kf6 Re4 58. Kf5 Re2 59. Ra8 1-0


[Site "https://www.chess.com"]

[Event "Titled Tuesday Blitz May 25 2021"]
[White "Srihari L R"]
[Black "Le, Tuan Minh"]
[WhiteFideId "46617116"]
[BlackFideId "12401153"]
[WhiteElo "2121"]
[BlackElo "2450"]
[Result "0-1"]
[Round "07"]
[TimeControl "180+1"]
[Date "2021.05.25"]
[WhiteClock "0:01:28"]
[BlackClock "0:01:47"]

1. d4 d5 2. c4 c6 3. Nf3 Nf6 4. Qc2 dxc4 5. Qxc4 Bg4 6. Ne5 Be6 7. Qd3 Nbd7 8. Nxd7 Qxd7 9. Nc3 Rd8 10. e3 Bf5 11. Qd1 e5 12. dxe5 Qxd1+ 13. Nxd1 Bb4+ 14. Ke2 Bc2 15. Nc3 Ne4 16. Nxe4 Bd1# 0-1


[Site "https://www.chess.com"]

[Event "Titled Tuesday Blitz May 25 2021"]
[White "Srisshhhtea"]
[Black "Perez Gormaz, Matias"]
[BlackFideId "3406342"]
[WhiteElo "2433"]
[BlackElo "2414"]
[Result "0-1"]
[Round "07"]
[TimeControl "180+1"]
[Date "2021.05.25"]
[WhiteClock "0:00:14"]
[BlackClock "0:00:04"]

1. d4 Nf6 2. c4 e6 3. Nf3 d5 4. g3 Be7 5. Bg2 O-O 6. O-O dxc4 7. Qc2 c6 8. a4 b6 9. Nbd2 Bb7 10. Nxc4 c5 11. dxc5 Bxc5 12. Be3 Be4 13. Qc3 Nd5 14. Qb3 Nxe3 15. Nxe3 Nc6 16. Rfd1 Qe7 17. Nc4 Rad8 18. e3 Bd5 19. Qc2 f6 20. e4 Nb4 21. Qe2 Bc6 22. e5 f5 23. b3 h6 24. Rac1 Rxd1+ 25. Rxd1 Rd8 26. Nh4 Bxg2 27. Nxg2 g5 28. h4 Rxd1+ 29. Qxd1 Kg7 30. hxg5 hxg5 31. Qd2 Kg6 32. Ne1 Nc6 33. Nf3 Qd8 34. Qc1 Be7 35. Nd6 Qd7 36. Nb5 Qd5 37. Qe3 g4 38. Nh4+ Bxh4 39. gxh4 Qd8 40. h5+ Kxh5 41. Nd6 Kg6 42. Qh3 gxh3 43. Kh2 Nxe5 44. Nc4 Nxc4 45. bxc4 Qc7+ 0-1


[Site "https://www.chess.com"]

[Event "Titled Tuesday Blitz May 25 2021"]
[White "Stoleriu, George"]
[Black "Salem, A.R. Saleh"]
[WhiteFideId "1227505"]
[BlackFideId "9301348"]
[WhiteElo "2227"]
[BlackElo "2659"]
[Result "0-1"]
[Round "07"]
[TimeControl "180+1"]
[Date "2021.05.25"]
[WhiteClock "0:00:01"]
[BlackClock "0:00:04"]

1. e4 c6 2. Nf3 d5 3. exd5 cxd5 4. Ne5 Nc6 5. d4 Nf6 6. Bb5 Bd7 7. Nxd7 Qxd7 8. c3 a6 9. Bd3 e5 10. dxe5 Nxe5 11. O-O O-O-O 12. Bf4 Bd6 13. Bxe5 Bxe5 14. Qf3 Ne4 15. Bxe4 dxe4 16. Qxe4 Rhe8 17. Qc4+ Bc7 18. Na3 h5 19. Rae1 Rxe1 20. Rxe1 Qd2 21. Rb1 b5 22. Qe4 Qd1+ 23. Qe1 Qxe1+ 24. Rxe1 Rd2 25. Kf1 Rxb2 26. Re2 Rxe2 27. Kxe2 Be5 28. c4 Bd6 29. Nb1 bxc4 30. Nd2 c3 31. Ne4 Bxh2 32. g3 c2 33. Kd2 Kc7 34. Kxc2 Bg1 35. Kd3 f5 36. Ng5 Bxf2 37. Ne6+ Kc6 38. Nxg7 Bxg3 39. Nxf5 Bc7 40. Nd4+ Kb6 41. Nb3 Kb5 42. Ke4 Kb4 43. Kf5 Bd8 44. Kf4 Be7 45. Kf3 Ka3 46. Nd2 Kxa2 47. Nc4 Kb3 48. Ne5 Bd6 49. Nc6 Kc4 50. Na7 Kc5 51. Nc8 Bf8 0-1


[Site "https://www.chess.com"]

[Event "Titled Tuesday Blitz May 25 2021"]
[White "Tari, Aryan"]
[Black "Hamitevici, Vladimir"]
[WhiteFideId "1510045"]
[BlackFideId "13902393"]
[WhiteElo "2656"]
[BlackElo "2359"]
[Result "1-0"]
[Round "07"]
[TimeControl "180+1"]
[Date "2021.05.25"]
[WhiteClock "0:00:31"]
[BlackClock "0:00:01"]

1. c4 b6 2. e4 Bb7 3. Nc3 e5 4. g3 Nc6 5. Bg2 Bc5 6. Nge2 Nge7 7. d3 d6 8. a3 a5 9. O-O h5 10. h3 Bc8 11. Kh2 Ng6 12. Nd5 Be6 13. f4 exf4 14. Nexf4 Nxf4 15. Bxf4 Qd7 16. Bd2 Bd4 17. Bc3 Bxc3 18. bxc3 Rc8 19. d4 h4 20. g4 O-O 21. a4 Nd8 22. Qe1 Bxd5 23. cxd5 Qe7 24. Rb1 Re8 25. Qd2 f6 26. Rf5 Nf7 27. Re1 c6 28. dxc6 Rxc6 29. e5 Rc4 30. Bd5 Rxa4 31. Bc6 Rc4 32. Bxe8 Qxe8 33. exf6 Qc8 34. Re3 g6 35. Rf1 b5 36. Qd3 Kh7 37. Re7 Qf8 38. Rfe1 Kh6 39. Ra7 Ng5 40. Rf1 Qb8 41. Rg7 1-0


[Site "https://www.chess.com"]

[Event "Titled Tuesday Blitz May 25 2021"]
[White "Tejedor Fuente, Enrique"]
[Black "Weetik, Vjacheslav"]
[WhiteFideId "2299100"]
[BlackFideId "4153472"]
[WhiteElo "2535"]
[BlackElo "2469"]
[Result "1-0"]
[Round "07"]
[TimeControl "180+1"]
[Date "2021.05.25"]
[WhiteClock "0:00:04"]
[BlackClock "0:00:16"]

1. e3 Nf6 2. g4 h6 3. Bg2 d5 4. h3 e5 5. d3 Bd6 6. Nd2 c6 7. Ne2 Nbd7 8. O-O O-O 9. Ng3 Re8 10. Kh1 Qc7 11. e4 Nc5 12. Nf5 Bf8 13. Nb3 Ne6 14. Re1 Bd7 15. f3 Rad8 16. Be3 c5 17. Nd2 Bc6 18. Qe2 Kh7 19. Rad1 g6 20. Ng3 Nf4 21. Qf2 d4 22. Bxf4 exf4 23. Ne2 b5 24. a4 a6 25. axb5 axb5 26. b4 cxb4 27. Nxd4 Bc5 28. Ne6 Bxf2 29. Nxc7 Re7 30. Re2 Be3 31. Na6 Rc8 32. Nxb4 Bb7 33. Nb3 Bd5 34. Nxd5 Nxd5 35. exd5 Rc3 36. Ra1 Rd7 37. Bf1 Rxd5 38. Ra2 Kg7 39. Re1 Rd7 40. Be2 Rdc7 41. Bd1 Kf6 42. Kg2 h5 43. Rh1 h4 44. Re1 Kg7 45. Na1 Bd2 46. Re2 Be3 47. Re1 Bd2 48. Rf1 Be3 49. Be2 b4 50. Rb1 Bc5 51. Rb3 Bd6 52. Rxc3 Rxc3 53. Nb3 Kf6 54. d4 Re3 55. Bd3 Re1 56. Nd2 Re3 57. Nc4 Be7 58. Nxe3 fxe3 59. f4 g5 60. Ra6+ Kg7 61. f5 b3 62. cxb3 Bb4 63. Kf3 Bd2 64. Ra2 Kf6 65. Rxd2 exd2 66. Ke2 1-0


[Site "https://www.chess.com"]

[Event "Titled Tuesday Blitz May 25 2021"]
[White "Timmermans, Mark"]
[Black "Jarovinsky, Alexey"]
[WhiteFideId "1026399"]
[BlackFideId "14115131"]
[WhiteElo "2460"]
[BlackElo "2446"]
[Result "0-1"]
[Round "07"]
[TimeControl "180+1"]
[Date "2021.05.25"]
[WhiteClock "0:00:07"]
[BlackClock "0:00:07"]

1. b4 a5 2. b5 a4 3. Bb2 e6 4. a3 Nf6 5. c4 d5 6. e3 Nbd7 7. Nf3 Bd6 8. cxd5 exd5 9. Be2 O-O 10. O-O c5 11. Nc3 Nb6 12. d4 c4 13. Ne5 Bf5 14. f4 Ne4 15. g4 Nxc3 16. Bxc3 Be4 17. Qe1 f6 18. Nf3 Qe7 19. Nd2 Bc2 20. Bf3 Bd3 21. Rf2 Rfe8 22. Nf1 Bxf1 23. Qxf1 Qxe3 24. Bd2 Qxd4 25. Rd1 Bc5 26. Be1 Rxe1 27. Qxe1 Qxf2+ 28. Qxf2 Bxf2+ 29. Kxf2 Rd8 30. Ke3 Kf7 31. Kd4 Rc8 32. Rc1 Ke6 33. g5 f5 34. Re1+ Kd6 35. Re3 c3 36. Rxc3 Rxc3 37. Kxc3 Kc5 38. Bd1 d4+ 39. Kd3 Nc4 40. Bc2 Nxa3 41. Bxa4 Nxb5 42. Bc2 Nd6 43. h4 b5 44. h5 h6 45. Ke2 Kc4 46. Bd3+ Kc3 47. Bb1 b4 48. Kd1 d3 49. Ba2 b3 50. Bb1 Nc4 51. Kc1 Na3 52. Bxd3 Kxd3 53. Kb2 Kc4 54. gxh6 gxh6 55. Kc1 Kc3 56. Kd1 b2 57. Ke2 b1=Q 0-1


[Site "https://www.chess.com"]

[Event "Titled Tuesday Blitz May 25 2021"]
[White "Timofeev, Artyom"]
[Black "Sanchez Alvares, Kelvin Antonio"]
[WhiteFideId "4140419"]
[BlackFideId "3906680"]
[WhiteElo "2582"]
[BlackElo "2247"]
[Result "1-0"]
[Round "07"]
[TimeControl "180+1"]
[Date "2021.05.25"]
[WhiteClock "0:00:52"]
[BlackClock "0:00:11"]

1. c4 Nf6 2. Nc3 g6 3. g3 Bg7 4. Bg2 c5 5. Nf3 O-O 6. O-O Nc6 7. d4 d6 8. dxc5 dxc5 9. Be3 Be6 10. h3 h6 11. Qc1 Qc8 12. Kh2 Kh7 13. Bxc5 Bxc4 14. Qf4 Be6 15. Rac1 Qe8 16. Rfd1 Rc8 17. Be3 Ng8 18. Qh4 Bf6 19. Ng5+ Kh8 20. Nce4 Bxa2 21. Nxf6 exf6 22. Ne4 g5 23. Qh5 Qe6 24. h4 Kg7 25. Nd6 Rb8 26. Bh3 Qb3 27. Nf5+ Kh7 28. hxg5 fxg5 29. Bxg5 Qe6 30. Rd6 1-0


[Site "https://www.chess.com"]

[Event "Titled Tuesday Blitz May 25 2021"]
[White "Tronenkovs, Valdis"]
[Black "Mikhailovsky, Vladimir"]
[WhiteFideId "11601558"]
[BlackFideId "34105414"]
[WhiteElo "2232"]
[BlackElo "2308"]
[Result "1-0"]
[Round "07"]
[TimeControl "180+1"]
[Date "2021.05.25"]
[WhiteClock "0:00:06"]
[BlackClock "0:00:02"]

1. e4 c6 2. Nc3 d5 3. Nf3 dxe4 4. Nxe4 Nf6 5. Qe2 Nxe4 6. Qxe4 Nd7 7. Bc4 Nf6 8. Ne5 e6 9. Qe2 Bd6 10. O-O Qc7 11. Re1 O-O 12. d4 b5 13. Bd3 Nd7 14. Qe4 g6 15. Bh6 Re8 16. Qxc6 Bxe5 17. Qxa8 Bxh2+ 18. Kh1 Bf4 19. Bxf4 Qxf4 20. Qxa7 Qxf2 21. Bxb5 Rd8 22. Qc7 Qh4+ 23. Kg1 Qxd4+ 24. Kh1 Ne5 25. Qxe5 Qh4+ 26. Kg1 Rd2 27. Re2 Rd4 28. Rf1 Bb7 29. Qf6 Rd5 30. Qxh4 1-0


[Site "https://www.chess.com"]

[Event "Titled Tuesday Blitz May 25 2021"]
[White "Tsyhanchuk_Stanislav"]
[Black "Potapova, Margarita"]
[BlackFideId "14126869"]
[WhiteElo "2469"]
[BlackElo "2229"]
[Result "1-0"]
[Round "07"]
[TimeControl "180+1"]
[Date "2021.05.25"]
[WhiteClock "0:02:40"]
[BlackClock "0:02:03"]

1. e4 c5 2. Nf3 d6 3. d4 cxd4 4. Nxd4 Nf6 5. Nc3 a6 6. Be3 e5 7. Nb3 Be6 8. Qd2 Be7 9. O-O-O O-O 10. f4 b5 11. Rg1 Nbd7 12. f5 Bc4 13. g4 Bxb3 14. axb3 b4 15. Nd5 Nxe4 16. Qxb4 Nec5 17. g5 Rb8 18. Qh4 f6 19. g6 h6 20. Bxh6 1-0


[Site "https://www.chess.com"]

[Event "Titled Tuesday Blitz May 25 2021"]
[White "Urazayev, Arystanbek"]
[Black "Quintin Navarro, Alberto"]
[WhiteFideId "13709810"]
[BlackFideId "2292688"]
[WhiteElo "2321"]
[BlackElo "2289"]
[Result "1-0"]
[Round "07"]
[TimeControl "180+1"]
[Date "2021.05.25"]
[WhiteClock "0:00:11"]
[BlackClock "0:00:04"]

1. d4 Nf6 2. Nf3 e6 3. Bf4 d5 4. Nbd2 Bd6 5. Bxd6 Qxd6 6. e3 O-O 7. c4 c5 8. dxc5 Qxc5 9. Rc1 Qa5 10. a3 Nc6 11. Be2 dxc4 12. Bxc4 Bd7 13. O-O Rfd8 14. Qe2 Rac8 15. h3 Be8 16. Rfd1 Ne5 17. Nxe5 Qxe5 18. Nf3 Qa5 19. Bd3 Ba4 20. Re1 Qb6 21. Ne5 Qd6 22. f4 Be8 23. Qf3 Nd7 24. Nxd7 Qxd7 25. Be4 b6 26. Rxc8 Rxc8 27. Rd1 Qc7 28. Rd2 Qc1+ 29. Qd1 Qxd1+ 30. Rxd1 Kf8 31. Rd2 Ke7 32. Kf2 Bc6 33. Bc2 h6 34. g4 g5 35. Kg3 f6 36. h4 Rg8 37. Bh7 Rg7 38. Bd3 gxh4+ 39. Kxh4 Bf3 40. Bb5 Rxg4+ 41. Kh3 Rg1 42. Rd7+ Kf8 43. Rxa7 h5 44. Ra6 Rh1+ 45. Kg3 Be4 46. Rxb6 h4+ 47. Kg4 h3 48. Rb8+ Kg7 49. Kg3 Bf5 50. Bc6 Rg1+ 51. Kf2 Rc1 52. Bf3 Rc2+ 53. Kg3 Rc1 54. e4 Rg1+ 55. Kf2 h2 56. exf5 exf5 57. Rb7+ Kg6 58. Rb8 Kg7 59. a4 Ra1 60. b3 Ra2+ 61. Ke3 Rc2 62. Rd8 Rc1 63. Rd2 Re1+ 64. Kd3 Rf1 65. Rxh2 Rxf3+ 66. Kc4 Rxf4+ 67. Kb5 Rf1 68. a5 f4 69. a6 Ra1 70. Rf2 Kg6 71. Rxf4 Kg5 72. Ra4 f5 73. Rxa1 1-0


[Site "https://www.chess.com"]

[Event "Titled Tuesday Blitz May 25 2021"]
[White "Vaishali, Rameshbabu"]
[Black "kleopl"]
[WhiteFideId "5091756"]
[WhiteElo "2313"]
[BlackElo "2487"]
[Result "1-0"]
[Round "07"]
[TimeControl "180+1"]
[Date "2021.05.25"]
[WhiteClock "0:00:27"]
[BlackClock "0:01:03"]

1. d4 f5 2. Bf4 d6 3. e3 Nd7 4. Nf3 Ngf6 5. d5 c6 6. c4 Qa5+ 7. Nc3 g6 8. Be2 Ne4 9. O-O Nxc3 10. bxc3 Bg7 11. Nd4 cxd5 12. Ne6 Bxc3 13. cxd5 Bxa1 14. Qxa1 Nf6 15. Bg5 Bxe6 16. Bxf6 O-O 17. Bh8 Kf7 18. Qg7+ Ke8 19. dxe6 a6 20. Qxh7 Qd5 21. Qxg6+ Kd8 22. Bg7 Re8 23. Bf3 Qxa2 24. Bxb7 Rb8 25. Bc6 Rg8 26. Qf7 Kc7 27. Rc1 Rb1 28. Qxe7+ Kb8 29. Qxd6+ Kc8 30. Qd7+ Kb8 31. Be5# 1-0


[Site "https://www.chess.com"]

[Event "Titled Tuesday Blitz May 25 2021"]
[White "Vakhlamov, Igor L."]
[Black "Chernomordik, Pavel"]
[WhiteFideId "24126748"]
[BlackFideId "2804530"]
[WhiteElo "2405"]
[BlackElo "2299"]
[Result "0-1"]
[Round "07"]
[TimeControl "180+1"]
[Date "2021.05.25"]
[WhiteClock "0:00:09"]
[BlackClock "0:00:03"]

1. e4 g6 2. d4 Bg7 3. Nf3 d6 4. Bc4 e6 5. O-O b6 6. Nbd2 Bb7 7. Re1 Nd7 8. Nf1 a6 9. a4 Ne7 10. Ng3 O-O 11. h4 d5 12. exd5 Nxd5 13. h5 c5 14. h6 Bh8 15. c3 Qc7 16. Bf1 cxd4 17. Nxd4 Ne5 18. Bg5 Nc4 19. Qe2 Nd6 20. Rad1 b5 21. axb5 axb5 22. Nxb5 Nxb5 23. Qxb5 Ba6 24. Qb3 Rfb8 25. Qc2 Bxf1 26. Rxf1 Ra2 27. Ne4 Raxb2 28. Qd3 R2b3 29. Rc1 f5 30. Nd2 Rxc3 31. Rxc3 Qxc3 32. Qa6 Qc8 33. Qd6 Rb6 34. Qa3 Bb2 35. Qa2 Nc3 36. Qa7 Ne2+ 37. Kh1 Rb7 38. Qa6 Nd4 39. Rb1 Qb8 40. Nc4 Ra7 41. Qd6 Qxd6 42. Nxd6 Ra1 43. Rxa1 Bxa1 44. g3 Nf3 45. Be7 Be5 46. Nc4 Bc7 47. Kg2 Nd4 48. Kf1 Kf7 49. Bc5 Nc6 50. f4 e5 51. fxe5 Nxe5 52. Ne3 Nd3 53. Bd4 Bxg3 54. Kg2 Bc7 55. Nc4 Nf4+ 56. Kf3 Ne6 57. Bc3 Bf4 58. Nb6 Bxh6 59. Nd5 Bf8 60. Bd2 Bd6 61. Nb6 g5 62. Nc4 Bc7 63. Be1 Kg6 64. Kg2 h5 65. Bd2 f4 66. Nb2 Kf5 67. Nd1 Ke4 68. Nc3+ Kd3 69. Be1 Ba5 70. Nd5 Bxe1 71. Nf6 h4 72. Ng4 Ke2 73. Ne5 f3+ 74. Nxf3 Nf4+ 75. Kh1 Kxf3 76. Kh2 g4 77. Kh1 Ke2 78. Kh2 g3+ 79. Kg1 Bf2+ 80. Kh1 g2+ 81. Kh2 g1=Q# 0-1


[Site "https://www.chess.com"]

[Event "Titled Tuesday Blitz May 25 2021"]
[White "Van Foreest, Jorden"]
[Black "Nesterov, Arseniy"]
[WhiteFideId "1039784"]
[BlackFideId "24198455"]
[WhiteElo "2622"]
[BlackElo "2441"]
[Result "1-0"]
[Round "07"]
[TimeControl "180+1"]
[Date "2021.05.25"]
[WhiteClock "0:00:58"]
[BlackClock "0:00:07"]

1. e4 e5 2. Nf3 Nc6 3. d3 Nf6 4. Be2 Bc5 5. O-O d6 6. c4 h6 7. Nc3 O-O 8. h3 a5 9. Be3 Nd7 10. Qd2 Nd4 11. Rae1 c6 12. Bd1 Qf6 13. Nh2 Ne6 14. Kh1 Qg6 15. Bg4 Bxe3 16. fxe3 Ndc5 17. Bf5 Qg5 18. Nf3 Qe7 19. d4 Nd7 20. c5 dxc5 21. dxe5 Ng5 22. Qd6 Re8 23. Rd1 Nf8 24. Qxe7 Rxe7 25. Rd8 Ne6 26. Bxe6 Rxe6 27. Na4 b6 28. Nxb6 Ba6 29. Rxa8 Bxf1 30. Nd7 1-0


[Site "https://www.chess.com"]

[Event "Titled Tuesday Blitz May 25 2021"]
[White "Vetokhin, Savva"]
[Black "Perez, Maximiliano"]
[WhiteFideId "44144474"]
[BlackFideId "117234"]
[WhiteElo "2185"]
[BlackElo "2368"]
[Result "1/2-1/2"]
[Round "07"]
[TimeControl "180+1"]
[Date "2021.05.25"]
[WhiteClock "0:01:03"]
[BlackClock "0:00:03"]

1. e4 c5 2. Nf3 d6 3. d4 cxd4 4. Nxd4 Nf6 5. Nc3 a6 6. h3 e5 7. Nb3 Be7 8. g4 h6 9. Bg2 b5 10. Be3 Nbd7 11. Qd2 Bb7 12. f4 Rc8 13. O-O-O b4 14. Nd5 Bxd5 15. exd5 a5 16. Kb1 a4 17. Nc1 Qa5 18. Nd3 Rb8 19. fxe5 Nxd5 20. Bxd5 Qxd5 21. exd6 Bxd6 22. Rhe1 O-O 23. h4 b3 24. cxb3 axb3 25. a3 Nf6 26. Nc1 Qxd2 27. Rxd2 Bg3 28. Rg1 Bxh4 29. Rd3 Rfe8 30. Bd4 Re4 31. Bxf6 Bxf6 32. Rg2 Re1 33. Rgd2 Rxc1+ 34. Kxc1 Bg5 35. Kd1 Bxd2 36. Kxd2 f5 37. gxf5 Kf7 38. Kc3 Kf6 39. Rg3 h5 40. Rg6+ Kxf5 41. Rxg7 h4 42. a4 h3 43. Rh7 Kg4 44. a5 Kg3 45. Rg7+ Kf2 46. Rf7+ Kg2 47. Rg7+ Kf2 48. Rf7+ Kg2 49. Rg7+ Kf2 1/2-1/2


[Site "https://www.chess.com"]

[Event "Titled Tuesday Blitz May 25 2021"]
[White "Vogel, Roven"]
[Black "Vlassov, Nikolai"]
[WhiteFideId "12908088"]
[BlackFideId "4103360"]
[WhiteElo "2516"]
[BlackElo "2407"]
[Result "1/2-1/2"]
[Round "07"]
[TimeControl "180+1"]
[Date "2021.05.25"]
[WhiteClock "0:01:15"]
[BlackClock "0:00:07"]

1. d4 Nf6 2. c4 Nc6 3. Nf3 e6 4. Nc3 Bb4 5. Bd2 O-O 6. d5 exd5 7. cxd5 Ne7 8. g3 Nexd5 9. Nxd5 Nxd5 10. Bg2 d6 11. O-O Bxd2 12. Qxd2 Nf6 13. b4 Re8 14. Nd4 Rb8 15. Rac1 Bd7 16. b5 Ne4 17. Qc2 Nc5 18. Rfd1 Qf6 19. a4 Re7 20. a5 Rbe8 21. e3 b6 22. a6 Qg6 23. Bc6 Qxc2 24. Rxc2 Kf8 25. Bxd7 Rxd7 26. Nc6 Ra8 27. g4 Ke8 28. f3 Ne6 29. e4 Nd8 30. Nb4 Rc8 31. Kf2 f6 32. h4 Nf7 33. f4 Ra8 34. Ke3 Nd8 35. Kf3 Ne6 36. g5 Kf7 37. Kg4 h5+ 38. gxh6 gxh6 39. h5 Rg8+ 40. Kf3 Ke8 41. Nc6 Rdg7 42. Rf2 Rg3+ 43. Ke2 Rb3 44. Nxa7 Rgg3 45. Re1 Nc5 46. Kf1 Nd3 47. Nc6 Nxe1 48. Kxe1 Rxb5 49. Ra2 Rh3 50. Kf1 Rb1+ 51. Kg2 Rbh1 52. Ra4 R1h2+ 53. Kf1 Rh1+ 54. Kg2 R1h2+ 55. Kg1 Rh1+ 56. Kg2 1/2-1/2


[Site "https://www.chess.com"]

[Event "Titled Tuesday Blitz May 25 2021"]
[White "Von Buelow, Georg"]
[Black "Guimaraes, Diogo Duarte"]
[WhiteFideId "4620658"]
[BlackFideId "2112450"]
[WhiteElo "2240"]
[BlackElo "2263"]
[Result "1-0"]
[Round "07"]
[TimeControl "180+1"]
[Date "2021.05.25"]
[WhiteClock "0:02:25"]
[BlackClock "0:00:30"]

1. e4 e5 2. Nf3 Nc6 3. Bb5 Nf6 4. O-O Bc5 5. c3 O-O 6. d4 Bb6 7. Bg5 h6 8. Bh4 d6 9. Qd3 Bd7 10. Nbd2 a6 11. Bc4 exd4 12. cxd4 1-0


[Site "https://www.chess.com"]

[Event "Titled Tuesday Blitz May 25 2021"]
[White "Wieczorek, Oskar"]
[Black "Vovk, Orest"]
[WhiteFideId "1133950"]
[BlackFideId "14113490"]
[WhiteElo "2258"]
[BlackElo "2203"]
[Result "1-0"]
[Round "07"]
[TimeControl "180+1"]
[Date "2021.05.25"]
[WhiteClock "0:00:16"]
[BlackClock "0:00:03"]

1. e4 Nc6 2. Nf3 d5 3. exd5 Qxd5 4. Nc3 Qa5 5. d4 Bg4 6. Bd2 Qh5 7. Be2 O-O-O 8. d5 Ne5 9. Nxe5 Qxe5 10. f4 Bxe2 11. fxe5 Bxd1 12. Rxd1 e6 13. dxe6 fxe6 14. O-O Bc5+ 15. Kh1 Ne7 16. Ne4 Bb6 17. Ng5 Rd5 18. Bc3 Rxd1 19. Rxd1 Nd5 20. Bd2 Re8 21. Nxh7 Ne3 22. Bxe3 Bxe3 23. Rf1 Bd4 24. c3 Bxe5 25. Ng5 Bf6 26. Ne4 Be5 27. g3 b6 28. Kg2 Rd8 29. h4 Rd3 30. Rf3 Rd1 31. Re3 Rb1 32. Re2 Kd7 33. Ng5 Kd6 34. Nf7+ Kd5 35. Nxe5 c5 36. h5 a5 37. g4 b5 38. Nf3 Kc4 39. Nd2+ Kd3 40. Nxb1 Kxe2 41. g5 1-0


[Site "https://www.chess.com"]